 Dungeon Crawl Stone Soup version 0.29-a0-653-gd47aff6735 (webtiles) character file.

Game seed: 6841636157585578646

263 happo123 the Gusty (level 6, 0/35 HPs)
             Began as a Tengu Air Elementalist on June 21, 2022.
             Slain by a gnoll
             ... wielding a +0 spear
             ... led by a gnoll shaman
              (3 damage)
             ... on level 4 of the Dungeon.
             The game lasted 00:22:13 (2884 turns).

happo123 the Gusty (Tengu Air Elementalist)         Turns: 2884, Time: 00:22:14

Health: 0/35       AC:  2    Str:  8    XL:     6   Next: 19%
Magic:  2/10       EV: 16    Int: 17    God:
Gold:   218        SH:  0    Dex: 21    Spells: 4/10 levels left

rFire   . . .      SeeInvis .   i - staff of air
rCold   . . .      Faith    .   (no shield)
rNeg    . . .      Spirit   .   a - +0 robe
rPois   .          Reflect  .   (helmet restricted)
rElec   +          Harm     .   (no cloak)
rCorr   .          Rampage  .   (no gloves)
Will    .....                   (boots unavailable)
Stlth   +++.......              (no amulet)
HPRegen 0.11/turn               k - +6 ring of dexterity
MPRegen 0.12/turn               (no ring)

@: flying quickly and evasively, quick
A: beak, talons 3, nimble flight
a: no special abilities


You were on level 4 of the Dungeon.
You visited 1 branch of the dungeon, and saw 4 of its levels.

You collected 218 gold pieces.

Inventory:

Hand Weapons
 d - a +0 dagger
 n - a +1 short sword of draining
 o - a +1 hand axe of flaming
 r - a +2 mace of protection
Armour
 a - a +0 robe (worn)
Magical Staves
 i - a staff of air (weapon)
Jewellery
 k - a +6 ring of dexterity (left hand)
Scrolls
 c - 5 scrolls of identify {unknown}
 e - a scroll of fog {unknown}
 f - 3 scrolls of enchant armour {unknown}
 h - a scroll of immolation {unknown}
 s - 2 scrolls of noise {unknown}
 u - 3 scrolls of vulnerability {unknown}
Potions
 b - a potion of magic
 g - 3 potions of curing {unknown}
 j - 3 potions of heal wounds {unknown}
 l - a potion of resistance {unknown}
 m - 2 potions of ambrosia {unknown}
 p - a potion of lignification {unknown}
 q - 2 potions of degeneration {unknown}
 t - a potion of invisibility {unknown}


   Skills:
 + Level 1.8 Fighting
 + Level 3.0 Dodging
 + Level 2.8 Stealth
 + Level 2.6 Spellcasting
 * Level 4.2 Conjurations
 * Level 5.7 Air Magic


You had 4 spell levels left.
You knew the following spells:

 Your Spells              Type           Power      Damage    Failure   Level
a - Shock                 Conj/Air       100%       1d9       2%          1
b - Static Discharge      Conj/Air       28%        N/A       3%          2
c - Swiftness             Air            32%        N/A       5%          3

Your spell library contained the following spells:

 Spells                   Type           Power      Damage    Failure   Level
 Airstrike                Air            16%        N/A       17%         4


Dungeon Overview and Level Annotations

Branches:
Dungeon (4/15)
 Temple: D:4-7

Altars:
Sif Muna


Innate Abilities, Weirdness & Mutations

You have a beak for a mouth.
You have claws for feet.
Your magical nature lets you fly swiftly and evasively.


Message History

The gnoll is heavily wounded.
The zap hits the gnoll.
The gnoll is almost dead.
The zap hits the gnoll shaman.
The gnoll shaman is moderately wounded.
Aiming: Shock (safe; 2% risk of failure)
Press: ? - help, Q - select action, (/) - cycle Shift-Dir - straight line You feel a surge of power!
The zap hits the gnoll shaman.
The gnoll shaman is heavily wounded.
The zap hits the gnoll shaman.
The gnoll shaman is severely wounded.
The gnoll closely misses you.
The gnoll shaman calls upon its god to heal the gnoll.
The gnoll is healed somewhat.
The gnoll misses you.
Aiming: Shock (safe; 2% risk of failure)
Press: ? - help, Q - select action, (/) - cycle Shift-Dir - straight line You feel a surge of power!
The zap hits the gnoll shaman.
The gnoll shaman is severely wounded.
The zap hits the gnoll.
The gnoll is heavily wounded.
The zap hits the gnoll.
The gnoll is almost dead.
The zap misses the gnoll shaman.
The gnoll misses you.
You closely miss the gnoll shaman. You claw the gnoll shaman.
You kill the gnoll shaman!
The gnoll closely misses you. The gnoll barely misses you.
The gnoll hits you with a +0 flail!
You hit the gnoll but do no damage. Your kick misses the gnoll.
The gnoll is almost dead.
The gnoll barely misses you.
The gnoll hits you from afar with a +0 spear.
The gnoll closely misses you.
You hit the gnoll.
You kill the gnoll!
The gnoll hits you from afar with a +0 spear! x2
* * * LOW HITPOINT WARNING * * *
The gnoll misses you.
The gnoll hits you from afar with a +0 spear.
You die...

### #####.# #.....# #.###.###
..#.....# ..#...#.# #######
###### ..#.#.#.# #.....##.....#
.##.#.#.#####............#
....#.#.........@........####
....#.......................#
..#.#.....)...g.#...........####
..#.#.........#.#...#.###........
..#...........#.#........#.......
..###.........#.#.....##.#.......
..###........)#.####...<.....# #.
.......#.....)#.####.##..###.# #.
...#####...................#.# #.


You could see a gnoll (fast).

Vanquished Creatures
  An orc priest (D:3)
  A gnoll shaman (D:4)
  An iguana (D:4)
  An orc wizard (D:4)
  4 gnolls (D:4)
  3 adders
  4 dart slugs
  10 orcs
  4 ball pythons
  4 endoplasms
  A giant cockroach (D:1)
  11 goblins
  3 hobgoblins
  3 jackals (D:4)
  5 kobolds
  3 quokkas
  7 bats
  2 frilled lizards (D:3)
  2 rats
70 creatures vanquished.

Notes
Turn   | Place    | Note
-------+----------+-------------------------------------------
     0 | D:1      | happo123 the Tengu Air Elementalist began the quest for the
                  | Orb.
     0 | D:1      | Reached XP level 1. HP: 10/10 MP: 4/4
   100 | D:1      | Reached XP level 2. HP: 12/15 MP: 3/6
   105 | D:1      | Learned a level 2 spell: Static Discharge
   380 | D:1      | Found a faded altar of an unknown god.
   731 | D:2      | Reached XP level 3. HP: 20/20 MP: 4/7
   735 | D:2      | Learned a level 3 spell: Swiftness
   862 | D:2      | Reached skill level 1 in Fighting
  1448 | D:3      | Reached XP level 4. HP: 19/25 MP: 2/8
  1521 | D:3      | Found a shimmering blue altar of Sif Muna.
  2249 | D:3      | Reached skill level 5 in Air Magic
  2249 | D:3      | Gained mutation: Your magical nature lets you fly swiftly
                  | and evasively. [Tengu growth]
  2249 | D:3      | Reached XP level 5. HP: 17/29 MP: 4/9
  2874 | D:4      | Reached XP level 6. HP: 35/35 MP: 3/10
  2884 | D:4      | Slain by a gnoll

Illustrated notes

Levels and vault maps discovered:
D:1:      psy_arrival_radial01, layout_loops_ring,
          shapermc_ecumenical_altar_mp_ritualfount, minmay_misc_feat_chi
D:2:      layout_loops_ring
D:3:      layout_basic, mainiacjoe_overflow_six_doors_small
D:4:      layout_basic, kennysheep_generic_room_10

Skill      XL: |  1  2  3  4  5 |
---------------+----------------+-----
Conjurations   | 2 3 4 |  4.2
Fighting       | 1 |  1.8
Air Magic      | 5 |  5.7
Dodging        | 3 |  3.0
Stealth        | |  2.8
Spellcasting   | |  2.6

Action                   |  1- 3 |  4- 6 || total
-------------------------+-------+-------++-------
Melee: Unarmed           |     4 |       ||     4
       Kick              |     6 |     8 ||    14
       Peck              |     3 |     3 ||     6
       Dagger            |     6 |     1 ||     7
       Staff             |    15 |    28 ||    43
       Short sword       |       |     3 ||     3
 Cast: Shock             |    32 |    40 ||    72
       Static Discharge  |     3 |     3 ||     6
 Stab: Sleeping          |     3 |     2 ||     5
Armor: Robe              |     7 |    12 ||    19
Dodge: Dodged            |    31 |    34 ||    65

Table legend: (Time is in decaauts)
 A = Elapsed time spent in this place.
 B = Non-inter-level travel time spent in this place.
 C = Inter-level travel time spent in this place.
 D = Time resting spent in this place.
 E = Time spent auto-exploring this place.
 F = Levels seen in this place.
 G = Mean time per level.
                   A        B        C        D        E       F      G
               +--------+--------+--------+--------+--------+-----+--------+
         Total |   2833 |   1733 |   1100 |      0 |   1162 |   4 |  708.2 |
       Dungeon |   2833 |   1733 |   1100 |      0 |   1162 |   4 |  708.2 |
               +--------+--------+--------+--------+--------+-----+--------+

Top non-repeatable levels by time:
     D:3: 1055 daAuts
     D:1: 687 daAuts
     D:2: 641 daAuts
     D:4: 449 daAuts
